 Dungeon Crawl Stone Soup version 0.14-a0-1637-gd423c14 (webtiles) character file.

293 Herrn the Ducker (level 4, 0/31 HPs)
             Began as an Octopode Fighter on Dec 26, 2013.
             Slain by Grinder (4 damage)
             ... on Level 3 of the Dungeon.
             The game lasted 00:15:19 (2425 turns).

Herrn the Ducker (Octopode Fighter)                 Turns: 2425, Time: 00:15:19

HP   0/31        AC  1     Str 15      XL: 4   Next: 92%
MP   6/6         EV 11     Int 10      God:
Gold 182         SH 18     Dex 12      Spells:  0 memorised,  5 levels left

rFire  . . .     SeeInvis .     a - +1,+0 falchion
rCold  . . .     Clarity  .     c - +0 shield
rNeg   . . .     Conserve .     (helmet restricted)
rPois  .         rCorr    .     f - amulet of rage
rElec  .         rRot     .     (no ring)
SustAb . .       Spirit   .     (no ring)
rMut   .         Warding  .     (no ring)
Saprov . . .     Stasis   .     (no ring)
                                (no ring)
                                (no ring)
                                (no ring)
                                (no ring)

@: slightly resistant to hostile enchantments, fairly stealthy
A: almost no armour, amphibious, 8 rings, constrict 8, camouflage 1, gelatinous
body 1
a: Evoke Berserk Rage


You were on level 3 of the Dungeon.
You were very hungry.

You visited 1 branch of the dungeon, and saw 3 of its levels.

You collected 182 gold pieces.

Inventory:

Hand weapons
 a - a +1,+0 falchion (weapon)
 m - a +0,+0 falchion
Armour
 c - a +0 shield (worn)
Magical devices
 t - a wand of cold (3) {unknown}
Comestibles
 d - 3 bread rations
 o - a meat ration
Scrolls
 b - 2 scrolls of curse armour {unknown}
 g - 5 scrolls of teleportation
 r - a scroll of immolation {unknown}
 s - a scroll of remove curse {unknown}
 u - a scroll of identify
Jewellery
 f - an amulet of rage (around mantle)
 j - an uncursed amulet of conservation
 n - an uncursed amulet of resist mutation {unknown}
Potions
 e - a potion of flight {unknown}
 h - a potion of brilliance {unknown}
 i - a potion of speed {unknown}
 k - 3 potions of restore abilities {unknown}
 l - a potion of heal wounds {unknown}
 p - a potion of cure mutation {unknown}
 q - 3 potions of curing {unknown}


   Skills:
 + Level 3.4 Fighting
 + Level 2.3 Long Blades
 + Level 4.0 Dodging
 - Level 0.4 Stealth
 + Level 3.7 Shields
 * Level 1.1 Spellcasting


You had 5 spell levels left.
You didn't know any spells.

Dungeon Overview and Level Annotations

Branches:
Dungeon (3/16)

Altars:
Okawaru

Annotations:
D:3 Grinder


Innate Abilities, Weirdness & Mutations

You cannot wear most types of armour.
You are amphibious.
You can wear up to eight rings at the same time.
You can use your tentacles to constrict many enemies at once.
Your skin changes colour to match your surroundings (Stlth).
Your rubbery body absorbs attacks (AC +1).


Message History

Grinder is severely wounded.
You constrict Grinder. You block Grinder's attack.
You hit Grinder but do no damage.
Grinder is almost dead.
You constrict Grinder. Grinder gestures at you.
You suddenly lose the ability to move!
You lose your grip on Grinder.
Grinder gestures.
Grinder blinks!
Grinder gestures at you. Pain shoots through your body! Grinder hits you!
You writhe in agony.
Grinder gestures.
Grinder blinks!
You can move again.
Grinder gestures at you. Pain shoots through your body!
* * * LOW HITPOINT WARNING * * *
Grinder hits you.
You die...

#.# . ##'## #. .##
##...## #. ....
##.....## #. #.....
##.....).## #.#.#....
#.........#
#....#.#.#
+.........+ .......
#.........# #...#.#
##.......## #@5...#
##.(...## #.#####
##...## #.# ##'## #.#
#.# #.# #######.# #.#
...(....## ####.####
##...#...## #.......#
#.........###.##.##.#


You could see Grinder.

Vanquished Creatures
  5 adders
  A worm (D:2)
  4 giant geckos
  2 ball pythons
  4 giant cockroaches
  6 goblins
  7 hobgoblins
  4 jackals (D:2)
  6 bats
  A giant newt (D:1)
  5 kobolds
  A quokka (D:2)
  5 rats
51 creatures vanquished.

Notes
Turn   | Place    | Note
--------------------------------------------------------------
     0 | D:1      | Herrn, the Octopode Fighter, began the quest for the Orb.
     0 | D:1      | Reached XP level 1. HP: 16/16 MP: 1/1
   189 | D:1      | Reached XP level 2. HP: 19/21 MP: 2/2
   728 | D:2      | Reached XP level 3. HP: 21/26 MP: 3/3
   753 | D:2      | Found an iron altar of Okawaru.
   875 | D:2      | HP: 1/26 [poisoned by an adder]
  1335 | D:2      | Reached XP level 4. HP: 21/31 MP: 4/4
  1678 | D:2      | Reached skill level 1 in Spellcasting
  2132 | D:2      | Reached skill level 4 in Dodging
  2393 | D:3      | Noticed Grinder
  2413 | D:3      | Paralysed by Grinder for 7 turns
  2425 | D:3      | Slain by Grinder

Action                   |  1- 3 |  4- 6 || total
-------------------------+-------+-------++-------
Melee: Falchion          |    70 |    46 ||   116
  Use: Scroll            |     5 |       ||     5
 Stab: Sleeping          |       |     1 ||     1
